 Dungeon Crawl Stone Soup version 0.20.1-1-g8b1a95d (webtiles) character file.

7027 grizmgrazm2 the Covert (level 10, -4/61 HPs)
             Began as a Vampire Enchanter on Oct 1, 2017.
             Was an Elder of Hepliaklqana.
             Slain by a killer bee (13 damage)
             ... on level 9 of the Dungeon.
             The game lasted 00:49:43 (14048 turns).

grizmgrazm2 the Covert (Vampire Enchanter)         Turns: 14048, Time: 00:49:44

Health: -4/61      AC:  0    Str:  7    XL:     10   Next: 82%
Magic:  19/22      EV: 24    Int: 21    God:    Hepliaklqana [****..]
Gold:   293        SH:  0    Dex: 20    Spells: 15/25 levels left

rFire    . . .     SeeInvis +   (weapon currently unavailable)
rCold    + . .     Gourm    .   (shield currently unavailable)
rNeg     + + .     Faith    .   (armour currently unavailable)
rPois    +         Spirit   .   (helmet currently unavailable)
rElec    .         Reflect  .   (cloak currently unavailable)
rCorr    .         Harm     .   (gloves currently unavailable)
MR       +....                  (boots currently unavailable)
Stlth    ++++++++..             (no amulet)
Regen    0.1/turn               (ring currently unavailable)
MPRegen  0.2/turn               (ring currently unavailable)

@: bat-form, flying, regenerating slowly, very quick
A: reduced essence, fangs 3, see invisible
a: End Transformation, Recall Ancestor, Ancestor Identity, Transference,
Idealise, Renounce Religion


You were on level 9 of the Dungeon.
You worshipped Hepliaklqana.
Hepliaklqana was greatly pleased with you.
You were thirsty.
You were in vampire-bat-form.
You visited 2 branches of the dungeon, and saw 10 of its levels.
You also visited: Sewer.

You collected 638 gold pieces.
You spent 345 gold pieces at shops.

Inventory:

Hand Weapons
 a - a +3 dagger (melded)
Armour
 k - a +2 pair of boots (melded)
 p - a +1 pair of gloves (melded)
 s - a scarf of cloud immunity (melded)
 w - +0 acid dragon scales (melded)
Jewellery
 l - a ring of resist corrosion (melded)
 q - the ring of Muso (melded) {Str+4 Dex+5}
   (You found it on level 7 of the Dungeon)

   [ring of dexterity]

   It affects your strength (+4).
   It affects your dexterity (+5).
 y - an uncursed ring of positive energy
Wands
 f - a wand of flame (31/48)
 A - a wand of paralysis (20/24)
 B - a wand of digging (20/24)
Scrolls
 h - 2 scrolls of identify
 i - 6 scrolls of fog
 j - 4 scrolls of teleportation
 D - 2 scrolls of remove curse
Potions
 d - 6 potions of blood
 e - 2 potions of agility
 g - 3 potions of brilliance
 m - 2 potions of resistance
 o - 3 potions of flight
 u - a potion of ambrosia
 x - 4 potions of curing
 F - a potion of invisibility
Books
 c - a book of Maledictions

   Spells                             Type                      Level
   a - Corona                         Hexes                        1
   b - Ensorcelled Hibernation        Hexes/Ice                    2
   c - Confuse                        Hexes                        3
   d - Tukima's Dance                 Hexes                        3
   e - Dazzling Spray                 Conjuration/Hexes            3
 r - a book of Geomancy

   Spells                             Type                      Level
   a - Sandblast                      Earth                        1
   b - Passwall                       Transmutation/Earth          2
   c - Stone Arrow                    Conjuration/Earth            3
   d - Petrify                        Transmutation/Earth          4
   e - Lee's Rapid Deconstruction     Earth                        5
 t - a book of Minor Magic

   Spells                             Type                      Level
   a - Magic Dart                     Conjuration                  1
   b - Blink                          Translocation                2
   c - Call Imp                       Summoning                    2
   d - Slow                           Hexes                        2
   e - Conjure Flame                  Conjuration/Fire             3
   f - Mephitic Cloud                 Conjuration/Poison/Air       3
 v - a book of Changes

   Spells                             Type                      Level
   a - Beastly Appendage              Transmutation                1
   b - Sticks to Snakes               Transmutation                2
   c - Spider Form                    Transmutation/Poison         3
   d - Ice Form                       Ice/Transmutation            4
   e - Blade Hands                    Transmutation                5


   Skills:
 + Level 2.4 Fighting
 + Level 4.9 Short Blades
 + Level 5.3 Dodging
 + Level 13.8 Stealth
 + Level 8.0 Spellcasting
 + Level 11.7 Hexes
 + Level 4.0 Ice Magic


You had 15 spell levels left.
You knew the following spells:

 Your Spells              Type           Power        Failure   Level  Hunger
a - Ensorcelled Hibernat  Hex/Ice        #####.       1%          2    None
b - Confuse               Hex            ######..     1%          3    None
c - Tukima's Dance        Hex            ######..     1%          3    None
d - Blink                 Tloc           N/A          12%         2    None


Dungeon Overview and Level Annotations

Branches:
Dungeon (9/15)             Temple (1/1) D:4            Lair (0/6) D:9
    Orc: D:9-12

Altars:
Ashenzari
Cheibriados
Dithmenos
Elyvilon
Fedhas
Gozag
Hepliaklqana
Makhleb
Nemelex Xobeh
Okawaru
Qazlal
Ru
Sif Muna
Trog
Uskayaw
Vehumet
Yredelemnul
Zin
The Shining One

Shops:
D:7 *   D:8 !

Annotations:
D:7 Quirk's ghost, novice DsFi


Innate Abilities, Weirdness & Mutations

You heal slowly.
You have razor-sharp teeth.
You have supernaturally acute eyesight. (SInv)
((You can survive without breathing.))
Your life essence is reduced to manifest your ancestor. (-10% HP)


Message History

Eshargamelat hits the killer bee with a dagger of draining.
The killer bee stings Eshargamelat.
The killer bee completely misses you.
There is an open door here.
The killer bee barely misses you.
You feel much better. The killer bee closely misses you.
The killer bee misses you. The killer bee completely misses you.
The killer bee completely misses you. The killer bee stings you.
The killer bee stings you. The killer bee stings you.
You are poisoned.
The killer bee poisons you!
You feel sick. The killer bee stings you.
* * * LOW HITPOINT WARNING * * *
There is an open door here.
You feel sick. The killer bee stings you!
* * * LOW HITPOINT WARNING * * *
You feel better. The killer bee stings you!
You die...

#.................#......#
#.................#.....[#
########..[.......#.....#
#....##...##.....#
#....##...##.....#
..#....#...........#
..#######..........#
.......)#..........#
##......yb.........####+#
#.....y######......#....#
#...........#......#....#
#.....y.....#......#....#
##.....y.....#......#....#
.......y.....#......#....#
..######.....#......#....#
..#....#.)...#......#....'
#...y'.....#......'....#


You could see 2 killer bees.

Vanquished Creatures
  A two-headed ogre (D:7)
  4 death yaks (D:8)
  Joseph (D:7)
  A hippogriff (D:8)
  A dancing weapon (D:8)
  Sigmund (D:3)
  A wyvern (D:8)
  A hungry ghost (D:8)
  Duvessa (D:7)
  An acid dragon (D:9)
  3 sky beasts
  2 orc warriors (D:8)
  A black bear (D:8)
  A phantom (D:8)
  An ogre (D:8)
  A big kobold (D:8)
  2 bullfrogs
  A wyvern zombie (D:7)
  A scorpion (D:5)
  Dowan (D:7)
  2 killer bees (D:9)
  A wight (D:7)
  3 howler monkeys
  A quasit (D:7)
  5 orc priests
  3 hounds
  11 orc wizards
  A bullfrog skeleton (D:5)
  3 iguanas
  4 worker ants
  A hound zombie (D:7)
  A worker ant zombie (D:7)
  4 gnolls (D:8)
  5 adders
  6 river rats (Sewer)
  2 shadow imps (D:8)
  2 oozes
  2 adder skeletons
  An adder zombie (D:5)
  3 dart slugs (D:1)
  7 leopard geckos
  23 orcs
  4 ball pythons
  4 bats
  6 giant cockroaches
  5 goblins
  5 hobgoblins
  11 jackals
  3 quokkas
  6 frilled lizards
  A jackal skeleton (D:7)
  A jackal zombie (D:5)
  24 kobolds
  A leopard gecko skeleton (D:8)
  A quokka skeleton (D:6)
  15 rats
205 creatures vanquished.

Vanquished Creatures (collateral kills)
  A hungry ghost (D:6)
  A phantom (D:5)
  An ogre (D:4)
  A scorpion (D:7)
  A howler monkey (D:6)
  An orc priest (D:3)
  An orc wizard (D:4)
  An adder (D:5)
  4 river rats (Sewer)
  An ooze (D:3)
  5 orcs
  2 ball pythons
  4 giant cockroaches (D:5)
  A goblin (D:2)
  A jackal (D:4)
  A quokka (D:7)
  5 kobolds
  7 rats (Sewer)
  A spectral orc (D:4)
40 creatures vanquished.

Vanquished Creatures (others)
  6 hexers (D:8)
  An orc (D:6)
  3 ancestors
10 creatures vanquished.

Grand Total: 255 creatures vanquished

Notes
Turn   | Place    | Note
-------+----------+-------------------------------------------
     0 | D:1      | grizmgrazm2 the Vampire Enchanter began the quest for the Orb.
     0 | D:1      | Reached XP level 1. HP: 13/13 MP: 3/3
  1215 | D:1      | Reached XP level 2. HP: 12/19 MP: 1/5
  1219 | D:1      | Learned a level 2 spell: Ensorcelled Hibernation
  1421 | D:1      | Reached skill level 5 in Hexes
  1983 | D:2      | Found a sacrificial altar of Ru.
  2027 | D:2      | Noticed a killer bee
  2219 | D:2      | Reached XP level 3. HP: 24/24 MP: 3/6
  2224 | D:2      | Learned a level 3 spell: Confuse
  2226 | D:2      | Found a hazy altar of Hepliaklqana.
  2247 | D:2      | Became a worshipper of Hepliaklqana the Forgotten
  2278 | D:2      | Reached skill level 5 in Stealth
  2851 | D:3      | Found an iron altar of Okawaru.
  3035 | D:3      | Reached * piety under Hepliaklqana
  3431 | D:3      | Noticed Sigmund
  3668 | D:3      | Killed Sigmund
  3668 | D:3      | Reached skill level 6 in Stealth
  3668 | D:3      | Reached skill level 1 in Ice Magic
  3668 | D:3      | Reached XP level 4. HP: 27/27 MP: 2/8
  3668 | D:3      | Reached XP level 5. HP: 31/31 MP: 2/9
  3940 | D:3      | Found a shattered altar of Ashenzari.
  3975 | D:4      | Found a blossoming altar of Fedhas.
  3979 | D:4      | Noticed an ogre
  4010 | D:3      | Learned a level 3 spell: Tukima's Dance
  4360 | D:3      | Reached XP level 6. HP: 11/36 MP: 1/10
  5173 | D:4      | Reached skill level 7 in Stealth
  5466 | D:4      | Found a staircase to the Ecumenical Temple.
  5592 | D:4      | Reached XP level 7. HP: 42/42 MP: 12/12
  5970 | D:4      | Found a basalt altar of Yredelemnul.
  6109 | Temple   | Entered the Ecumenical Temple
  6308 | D:5      | Entered Level 5 of the Dungeon
  6340 | D:5      | Reached ** piety under Hepliaklqana
  6341 | D:5      | Remembered your ancestor Eshargamelat as a hexer
  6630 | D:5      | Found a white marble altar of Elyvilon.
  6645 | D:5      | Reached skill level 8 in Stealth
  6801 | D:5      | Found a glowing drain.
  6821 | Sewer    | Entered a sewer
  7353 | Sewer    | Reached XP level 8. HP: 47/47 MP: 8/14
  8608 | D:6      | Found a radiant altar of Vehumet.
  8691 | D:6      | Reached skill level 1 in Fighting
  8691 | D:6      | Reached skill level 9 in Stealth
  8848 | D:6      | Found a bloodstained altar of Trog.
  9188 | D:7      | Found a transporter.
  9195 | D:7      | Noticed a two-headed ogre
  9203 | D:7      | Killed a two-headed ogre
  9203 | D:7      | Reached skill level 10 in Stealth
  9203 | D:7      | Reached skill level 5 in Spellcasting
  9203 | D:7      | Reached XP level 9. HP: 41/53 MP: 9/17
  9265 | D:7      | Found a transporter.
  9307 | D:7      | Learned a level 2 spell: Blink
  9391 | D:7      | Got a vibrating steel ring
  9417 | D:7      | Identified the ring of Muso {Str+4 Dex+5} (You found it on level 7 of the Dungeon)
  9474 | D:7      | Found Bamuwein's General Store.
  9475 | D:7      | Noticed Duvessa
  9477 | D:7      | Noticed Joseph
  9477 | D:7      | Noticed Dowan
  9641 | D:8      | Reached skill level 11 in Stealth
  9753 | D:8      | Found Fitsusm's Distillery.
  9767 | D:8      | Bought a potion of mutation for 120 gold pieces
  9774 | D:8      | Reached *** piety under Hepliaklqana
  9814 | D:8      | Found a glowing golden altar of the Shining One.
 10330 | D:8      | Reached skill level 12 in Stealth
 10330 | D:8      | Reached skill level 10 in Hexes
 10938 | D:7      | Killed Joseph
 10938 | D:7      | Reached XP level 10. HP: 55/61 MP: 12/19
 11106 | D:7      | Killed Dowan
 11121 | D:7      | Killed Duvessa
 11163 | D:7      | Bought a potion of invisibility for 80 gold pieces
 11163 | D:7      | Bought a scroll of immolation for 35 gold pieces
 11163 | D:7      | Bought 2 potions of berserk rage for 100 gold pieces
 11163 | D:7      | Bought a scroll of noise for 10 gold pieces
 11273 | D:7      | Noticed Quirk's ghost (novice DsFi)
 11628 | D:9      | Noticed a death yak
 11685 | D:9      | Noticed a death yak
 11948 | D:9      | Noticed a death yak
 12265 | D:8      | Killed a death yak
 12265 | D:8      | Reached skill level 5 in Dodging
 12265 | D:8      | Reached skill level 13 in Stealth
 12323 | D:9      | Noticed a death yak
 12342 | D:8      | Killed a death yak
 13534 | D:8      | Killed a death yak
 13685 | D:8      | Killed a death yak
 13771 | D:9      | Found a staircase to the Lair.
 13935 | D:9      | Reached **** piety under Hepliaklqana
 14047 | D:9      | HP: 2/61 [killer bee (15)]
 14048 | D:9      | Slain by a killer bee

Skill      XL: |  1  2  3  4  5  6  7  8  9 10 |
---------------+-------------------------------+-----
Hexes          | 5 6 7 9 10 11 | 11.7
Stealth        | 6 7 8 10 12 13 | 13.8
Short Blades   | 2 3 4 |  4.9
Spellcasting   | 3 4 5 6 8 |  8.0
Ice Magic      | 1 2 3 4 |  4.0
Dodging        | 3 4 5 |  5.3
Fighting       | 1 2 |  2.4

Action                   |  1- 3 |  4- 6 |  7- 9 | 10-12 || total
-------------------------+-------+-------+-------+-------++-------
Melee: Dagger            |   143 |    36 |   280 |    81 ||   540
       Bite              |    11 |     2 |    25 |    13 ||    51
 Cast: Corona            |    13 |       |       |       ||    13
       Ensorcelled Hiber |    23 |    24 |    73 |    18 ||   138
       Confuse           |     3 |     6 |    44 |    51 ||   104
       Tukima's Dance    |       |     2 |     3 |       ||     5
Invok: Ancestor Life: He |       |       |     1 |       ||     1
       Recall Ancestor   |       |       |     1 |     2 ||     3
 Abil: Bat Form          |       |       |     2 |     7 ||     9
       End Transformatio |       |       |     2 |     6 ||     8
  Use: Scroll            |     9 |     1 |    19 |     6 ||    35
       Potion            |     1 |     5 |     9 |    17 ||    32
 Stab: Sleeping          |    27 |    17 |    69 |    14 ||   127
       Confused          |     3 |     1 |    26 |    10 ||    40
       Distracted        |     1 |       |       |     3 ||     4
Armor: Robe              |    28 |     9 |    53 |    10 ||   100
       Acid dragon scale |       |       |       |     6 ||     6
Dodge: Dodged            |    85 |    31 |   184 |    77 ||   377
